 Dungeon Crawl Stone Soup version 0.31.0-2-g5a2aebc5c2 (webtiles) character file.

Game seed: 382732621835374174

147 ChrisAssaf the Magician (level 5, -3/37 HPs)
             Began as a Djinni Alchemist on Jan 21, 2024.
             Slain by Duvessa
             ... wielding a +0 short sword
              (5 damage)
             ... on level 4 of the Dungeon.
             The game lasted 00:05:44 (965 turns).

ChrisAssaf the Magician (Djinni Alchemist)           Turns: 965, Time: 00:05:45

Health: -3/37      AC:  7    Str:  9    XL:     5   Next: 55%
Gold:   61         EV: 13    Int: 16    God:
                   SH:  0    Dex: 20

rFire   + + .        c - +6 flail "Rentoaf" {freeze, ^Fragile +Blink Dex+6}
rCold   x . .        (no shield)
rNeg    . . .        a - +1 robe
rPois   ∞            (no helmet)
rElec   .            (no cloak)
rCorr   .            (no gloves)
SInv    .            (boots unavailable)
Will    .....        (no amulet)
Stlth   ++           d - +4 ring of protection
HPRegen 0.26/turn    (no ring)
MPRegen 0.00/turn

%: infuse magic (-4 HP)
@: flying
A: sickness immunity, fire resistance 2, cold vulnerability 1, float, innate
caster, HP casting, extra vitality 1
a: Evoke Blink


You were on level 4 of the Dungeon.
You visited 1 branch of the dungeon, and saw 4 of its levels.

You collected 61 gold pieces.

Inventory:

Hand Weapons
 b - a +2 dagger of pain
 c - the +6 flail "Rentoaf" (weapon) {freeze, ^Fragile +Blink Dex+6}
   (You found it on level 3 of the Dungeon)

   Dex+6:     It affects your dexterity (+6).
   +Blink:    It lets you blink.
   ^Fragile:  It will be destroyed if unequipped.
Missiles
 f - 5 datura-tipped darts
Armour
 a - a +1 robe (worn)
Jewellery
 d - a +4 ring of protection (left hand)
Scrolls
 e - a scroll of fog
 h - a scroll of amnesia


   Skills:
 * Level 1.3 Fighting
 - Level 1.0 Short Blades
 * Level 0.2 Maces & Flails
 * Level 1.0 Throwing
 * Level 1.3 Armour
 * Level 3.2 Dodging
 * Level 2.3 Stealth
 * Level 3.3 Spellcasting
 * Level 3.3 Conjurations
 * Level 3.3 Hexes
 * Level 3.3 Summonings
 * Level 3.3 Necromancy
 * Level 3.3 Translocations
 * Level 3.3 Fire Magic
 * Level 3.3 Ice Magic
 * Level 3.3 Air Magic
 * Level 3.3 Earth Magic
 * Level 3.3 Alchemy
 * Level 0.4 Evocations


You knew the following spells:

 Your Spells              Type           Power      Damage    Failure   Level
a - Sting                 Conj/Alch      52%        1d6       4%          1
b - Mercury Vapours       Alch/Air       26%        N/A       7%          2
c - Mephitic Cloud        Conj/Alch/Air  13%        N/A       14%         3
d - Olgreb's Toxic Radia  Alch           13%        N/A       43%         4
e - Sticky Flame          Fire/Alch      13%        2d5       43%         4
f - Freeze                Ice            52%        1d6       4%          1
g - Momentum Strike       Conj/Tloc      26%        3d8       7%          2
Your spell library was empty.

Dungeon Overview and Level Annotations

Branches:
Dungeon (4/15)
 Temple: D:4-7

Altars:
Uskayaw

Annotations:
D:4 Duvessa


Innate Abilities, Weirdness & Mutations

You are immune to sickness and miasma.
You are immune to poison.
Your flesh is very heat resistant. (rF++)
You are vulnerable to cold. (rC-)
You float through the air rather than walking.
You learn spells naturally, not from books.
Your magical power is your life essence.
You have superior vitality. (+4 MHP)


Message History

The endoplasm jiggles.
Duvessa hits you with a +0 short sword.
* * * LOW HITPOINT WARNING * * *
Dowan casts a spell.
Dowan blinks!
Duvessa says, "When magic and the sword combine, nothing stands against them."
Duvessa attacks as she pursues you! Duvessa barely misses you.
Duvessa hits you with a +0 short sword.
* * * LOW HITPOINT WARNING * * *
You blink.
You kill Dowan!
Duvessa weeps, and shakes her weapon.
Duvessa goes berserk!
Your magical contamination has completely faded away.
Your Throwing skill increases to level 1!
You aren't carrying any potions.
Okay, then.
Casting: Olgreb's Toxic Radiance (extremely dangerous; 43% risk of failure)
Confirm with . or Enter, or press ? or * to list all spells.
Aiming: Mercury Vapours (safe; 7% risk of failure)
Press: ? - help, Dir - move target, f - Duvessa
Aim: Duvessa, wielding a +0 short sword and wearing a +0 leather armour (heavily wounded, berserk, fast, very poisoned, chance to weaken: 87%) Fumes of mercury billow around Duvessa!
Duvessa looks even sicker.
Duvessa looks weaker.
* * * LOW HITPOINT WARNING * * *
Duvessa misses you.
A jelly comes into view.
Duvessa attacks as she pursues you! Duvessa hits you but does no damage. x2
The jelly quivers.
Duvessa attacks as she pursues you! Duvessa completely misses you.
You are no longer glowing.
You feel ready to blink again. Duvessa barely misses you.
Duvessa hits you with a +0 short sword.
* * * LOW HITPOINT WARNING * * *
Duvessa rages.
Duvessa attacks as she pursues you! Duvessa hits you with a +0 short sword.
* * * LOW HITPOINT WARNING * * *
Unknown command.
Duvessa hits you with a +0 short sword.
You die...

### .. ...... #..
.. .....
##...##.# ....
#.. ..#.# ...
#..##.... ..
#......_. #.
#..##.... #.##
#..#..#.# #@#
#....##.# #e##
#........ ##.#
##..§#...
#J#########..).##
#...J........###
#.########..##
#.## #..# #.
##.## .# #..#


You could see Duvessa (berserk, fast, very poisoned, weak) and an endoplasm.

Vanquished Creatures
  A phantom (D:3)
  Dowan (D:4)
  A white imp (D:3)
  A ribbon worm (D:2)
  2 endoplasms
  A giant cockroach (D:2)
  4 goblins
  3 hobgoblins
  3 ball pythons
  3 bats
  4 frilled lizards
  A kobold (D:1)
  3 rats
28 creatures vanquished.

Notes
Turn   | Place    | Note
-------+----------+-------------------------------------------
     0 | D:1      | ChrisAssaf the Djinni Alchemist began the quest for the
                  | Orb.
     0 | D:1      | ChrisAssaf set off with the following spells memorised:
                  | Sting, Mercury Vapours, Mephitic Cloud, Olgreb's Toxic
                  | Radiance, Sticky Flame.
     0 | D:1      | Reached XP level 1. HP: 15/15 MP: 0/0
   115 | D:1      | Reached XP level 2. HP: 21/21 MP: 0/0
   434 | D:2      | Reached XP level 3. HP: 21/26 MP: 0/0
   434 | D:2      | Learned a level 1 spell: Freeze
   633 | D:3      | Noticed a phantom
   682 | D:3      | Killed a phantom
   683 | D:3      | Reached skill level 1 in Fighting
   683 | D:3      | Reached skill level 1 in Short Blades
   683 | D:3      | Reached skill level 1 in Armour
   683 | D:3      | Reached XP level 4. HP: 10/32 MP: 0/0
   685 | D:3      | Identified the +6 flail "Rentoaf" {freeze, ^Fragile +Blink
                  | Dex+6}
   819 | D:3      | Reached XP level 5. HP: 37/37 MP: 0/0
   819 | D:3      | Learned a level 2 spell: Momentum Strike
   938 | D:4      | Found a hide-covered altar of Uskayaw.
   939 | D:4      | Noticed Dowan
   942 | D:4      | Noticed Duvessa
   955 | D:4      | Killed Dowan
   956 | D:4      | Reached skill level 1 in Throwing
   965 | D:4      | Slain by Duvessa

Illustrated notes

Levels and vault maps discovered:
D:1:      lemuel_arrival_funnel, layout_rooms, minmay_misc_feat_plants
D:2:      layout_basic, basic_altar, nrook_mini_vaults, uniq_crazy_yiuf_cottage
D:3:      layout_basic, uniq_ijyb
D:4:      layout_cave_pods, mainiacjoe_overflow_small_starburst,
          xom_redecorated, nzn_wu_jian_contemplation, minivault_14,
          fountainhead, uniq_eustachio, uniq_duvessa

Skill      XL: |  1  2  3  4  5 |
---------------+----------------+-----
Fighting       | 1 |  1.3
Short Blades   | 1 |  1.0
Armour         | 1 |  1.3
Dodging        | 3 |  3.2
Stealth        | 2 |  2.3
Throwing       | 1 |  1.0
Maces & Flails | |  0.2
Spellcasting   | |  3.3
Conjurations   | |  3.3
Hexes          | |  3.3
Summonings     | |  3.3
Necromancy     | |  3.3
Translocations | |  3.3
Fire Magic     | |  3.3
Ice Magic      | |  3.3
Air Magic      | |  3.3
Earth Magic    | |  3.3
Alchemy        | |  3.3
Evocations     | |  0.4

Action                     |  1- 3 |  4- 6 || total
---------------------------+-------+-------++-------
  Melee: Dagger            |    66 |       ||    66
         Punch             |     1 |       ||     1
         Flail             |       |     6 ||     6
   Cast: Sting             |    17 |     1 ||    18
         Mercury Vapours   |     2 |     1 ||     3
         Mephitic Cloud    |     1 |       ||     1
         Freeze            |     1 |       ||     1
         Olgreb's Toxic Ra |       |     2 ||     2
Ability: Evoke Blink       |       |     1 ||     1
    Use: Scroll            |     6 |       ||     6
         Potion            |     4 |       ||     4
   Stab: Sleeping          |     3 |       ||     3
 Armour: Robe              |    36 |    12 ||    48
  Dodge: Dodged            |    40 |    12 ||    52
